 Dungeon Crawl Stone Soup version 0.29.1-15-g9cfb28693d (webtiles) character file.

Game seed: 3996684018022569970

1148 Heoruswealwe the Shield-Bearer (level 8, 0/69 (71) HPs)
             Began as a Minotaur Fighter on Mar 24, 2023.
             Was a Priest of Okawaru.
             Slain by a wight
             ... wielding a +4 dire flail
              (3 damage)
             ... on level 6 of the Dungeon.
             The game lasted 00:33:16 (2956 turns).

Heoruswealwe the Shield-Bearer (Minotaur Fighter)   Turns: 2956, Time: 00:33:18

HP:   0/69 (71)     AC: 16    Str: 23    XL:     8   Next: 15%
MP:   7/7           EV:  6    Int:  5    God:    Okawaru [***...]
Gold: 256           SH:  7    Dex: 21    Spells: 7/7 levels left

rFire   . . .      SeeInvis .   a - +0 war axe
rCold   . . .      Faith    .   d - +0 buckler
rNeg    . . .      Spirit   .   c - +0 plate armour
rPois   +          Reflect  .   (helmet restricted)
rElec   .          Harm     .   h - +0 cloak
rCorr   .          Rampage  .   f - +0 pair of gloves
Will    .....                   e - +0 pair of boots of Diufyci {Dex+5}
Stlth   ..........              (no amulet)
HPRegen 0.21/turn               k - +6 ring of dexterity
MPRegen 0.10/turn               j - ring of poison resistance

@: lightly drained
A: horns 2, retaliatory headbutt
a: Renounce Religion, Heroism


You were on level 6 of the Dungeon.
You worshipped Okawaru.
Okawaru was most pleased with you.
You visited 1 branch of the dungeon, and saw 6 of its levels.

You collected 256 gold pieces.

Inventory:

Hand Weapons
 a - a +0 war axe (weapon)
Armour
 c - a +0 plate armour (worn)
 d - a +0 buckler (worn)
 e - the +0 pair of boots of Diufyci (worn) {Dex+5}
   (You found it on level 3 of the Dungeon)

   Dex:       It affects your dexterity (+5).
 f - a +0 pair of gloves (worn)
 h - a +0 cloak (worn)
Jewellery
 j - a ring of poison resistance (right hand)
 k - a +6 ring of dexterity (left hand)
Wands
 u - a wand of digging (2)
 y - a wand of paralysis (10)
Scrolls
 g - 4 scrolls of teleportation {unknown}
 n - a scroll of amnesia
 o - a scroll of blinking
 q - 3 scrolls of fear {unknown}
 r - 2 scrolls of noise {unknown}
 s - 2 scrolls of butterflies {unknown}
 t - 2 scrolls of vulnerability {unknown}
 w - a scroll of enchant weapon
Potions
 b - a potion of might
 i - a potion of magic
 l - a potion of flight
 m - a potion of curing
 p - 2 potions of haste {unknown}
 v - 2 potions of attraction {unknown}
 x - a potion of heal wounds {unknown}
 z - a potion of lignification {unknown}


   Skills:
 + Level 6.8 Fighting
 + Level 6.2 Axes
 + Level 6.8 Armour
 + Level 6.8 Shields


You had 7 spell levels left.
You didn't know any spells.
Your spell library contained the following spells:

 Spells                   Type           Power      Damage    Failure   Level
 Apportation              Tloc           0%         N/A       100%        1
 Freeze                   Ice            0%         1d3       100%        1
 Necrotise                Necr           0%         1d4       100%        1
 Sting                    Tmut/Pois      0%         1d3       100%        1
 Poisonous Vapours        Pois/Air       0%         N/A       100%        2
 Frozen Ramparts          Ice            0%         1d1       100%        3
 Hailstorm                Conj/Ice       0%         3d3       100%        4
 Ice Form                 Ice/Tmut       0%         N/A       100%        4
 Olgreb's Toxic Radiance  Pois           0%         N/A       100%        4
 Summon Small Mammal      Summ           Unusable   N/A       N/A         1
 Simulacrum               Ice/Necr       Unusable   N/A       N/A         6

Dungeon Overview and Level Annotations

Branches:
Dungeon (6/15)
 Temple: D:4-7

Altars:
Okawaru

Shops:
D:3 *   D:4 [


Innate Abilities, Weirdness & Mutations

You have a pair of horns on your head.
You reflexively headbutt those who attack you in melee.


Message History

You kill the jelly!
Okawaru accepts your kill.
You closely miss the wight. The wight hits you but does no damage.
You barely miss the wight. You headbutt the wight.
The wight is lightly damaged.
The wight hits you but does no damage.
You hit the wight but do no damage.
The wight is lightly damaged.
The wight hits you but does no damage. You block the wight's attack.
You slash the wight!
The wight is severely damaged.
The wight hits you with a +4 dagger!
* * * LOW HITPOINT WARNING * * *
You hit the wight.
You destroy the wight!
Okawaru accepts your kill.
You hit the wight but do no damage. You headbutt the wight.
The wight is moderately damaged.
The wight hits you but does no damage.
You closely miss the wight. Your headbutt misses the wight.
The wight is moderately damaged.
The wight barely misses you.
The wight hits you with a +4 dire flail.
* * * LOW HITPOINT WARNING * * *
You barely miss the wight.
The wight is moderately damaged.
You block the wight's attack.
You closely miss the wight. You headbutt the wight.
The wight is heavily damaged.
The wight hits you but does no damage.
You closely miss the wight.
The wight is heavily damaged.
The wight hits you but does no damage.
You barely miss the wight.
The wight is heavily damaged.
You hear the slow rusting of a drain nearby.
The wight hits you with a +4 dire flail!
* * * LOW HITPOINT WARNING * * *
You feel drained.
You die...

....#
...
...
...
#.#
#z#
#z#
#@#
#.#
##.
#.#
...
#.# .
#.#
#.#
#.# #
.#
#.# #
.#
#.#


You could see 2 wights.

Vanquished Creatures
  A steam dragon (D:6)
  An ice beast (D:5)
  A black bear (D:5)
  2 centaurs (D:5)
  2 scorpions
  2 wights (D:6)
  A crimson imp (D:4)
  2 jellies
  An orc priest (D:4)
  2 hounds
  A gnoll bouda (D:5)
  Jessica (D:2)
  An orc wizard (D:4)
  An iguana (D:5)
  3 gnolls (D:5)
  3 adders
  3 white imps
  2 worms (D:3)
  A dart slug (D:1)
  9 orcs
  3 ball pythons (D:1)
  7 bats
  2 endoplasms
  3 giant cockroaches
  3 goblins
  7 hobgoblins
  8 jackals
  11 kobolds
  6 quokkas
  A frilled lizard (D:2)
  A rat (D:2)
92 creatures vanquished.

Notes
Turn   | Place    | Note
-------+----------+-------------------------------------------
     0 | D:1      | Heoruswealwe the Minotaur Fighter began the quest for the
                  | Orb.
     0 | D:1      | Reached XP level 1. HP: 19/19 MP: 0/0
    63 | D:1      | Reached XP level 2. HP: 16/27 MP: 1/1
   101 | D:1      | Found a faded altar of an unknown god.
   115 | D:1      | Prayed at the altar of an unknown god.
   115 | D:1      | Became a worshipper of Warmaster Okawaru
   115 | D:1      | Reached * piety under Okawaru
   332 | D:1      | Reached XP level 3. HP: 33/33 MP: 2/2
   491 | D:2      | Noticed Jessica
   493 | D:2      | Killed Jessica
   771 | D:2      | Reached XP level 4. HP: 38/41 MP: 3/3
  1069 | D:3      | You fall into a shaft and drop 2 floors!
  1069 | D:5      | Entered Level 5 of the Dungeon
  1083 | D:5      | Reached XP level 5. HP: 31/47 MP: 4/4
  1421 | D:3      | Identified the +0 pair of boots of Diufyci {Dex+5}
  1678 | D:3      | Found Hieditoe's General Store.
  2059 | D:4      | Reached skill level 5 in Fighting
  2059 | D:4      | Reached skill level 5 in Armour
  2059 | D:4      | Reached skill level 5 in Shields
  2111 | D:4      | Reached ** piety under Okawaru
  2113 | D:4      | Reached XP level 6. HP: 39/56 MP: 5/5
  2290 | D:4      | Found Saanna's Armour Boutique.
  2489 | D:5      | Noticed an ice beast
  2498 | D:5      | Killed an ice beast
  2511 | D:5      | Reached skill level 5 in Axes
  2511 | D:5      | Reached XP level 7. HP: 53/62 MP: 6/6
  2606 | D:5      | Reached *** piety under Okawaru
  2860 | D:6      | Noticed a steam dragon
  2866 | D:6      | Killed a steam dragon
  2867 | D:6      | Reached XP level 8. HP: 8/71 MP: 7/7
  2956 | D:6      | HP: 3/71 [wight/+4 dire flail (7)]
  2956 | D:6      | Slain by a wight

Illustrated notes

Levels and vault maps discovered:
D:1:      dpeg_arrival_more_subterranean_lakeside_camping, layout_basic,
          ebering_ecumenical_altar_box
D:2:      layout_loops_cross, uniq_jessica
D:3:      layout_basic, serial_shops, shop_coins
D:4:      layout_rooms, serial_shops, nicolae_shop_crystal,
          minmay_fire_ice_demons
D:5:      layout_rooms
D:6:      layout_rooms, gup_sewer_entry_pipe

Skill      XL: |  1  2  3  4  5  6  7 |
---------------+----------------------+-----
Shields        | 4 5 6 |  6.8
Fighting       | 4 5 6 |  6.8
Armour         | 4 5 6 |  6.8
Axes           | 3 4 5 6 |  6.2

Action                   |  1- 3 |  4- 6 |  7- 9 || total
-------------------------+-------+-------+-------++-------
Melee: War axe           |    71 |    97 |    37 ||   205
       Headbutt          |     8 |    18 |     9 ||    35
  Use: Scroll            |       |     5 |     1 ||     6
Armor: Scale mail        |    30 |    21 |       ||    51
       Chain mail        |       |    22 |    22 ||    44
       Plate armour      |       |       |     8 ||     8
Dodge: Dodged            |    43 |    33 |    14 ||    90
Block: Buckler           |    15 |    28 |    15 ||    58
